[Event "*** Titled Tuesday Blitz"]
[Site "Chess.com"]
[Date "2020.02.04"]
[Round "9"]
[White "bhavesh1810"]
[Black "GMHellers"]
[Result "0-1"]
[WhiteElo "2145"]
[BlackElo "2518"]
[TimeControl "180+2"]
[EndTime "11:11:23 PST"]
[Termination "GMHellers won by resignation"]

1. e4 e5 2. Nf3 Nf6 3. Nxe5 d6 4.
Nf3 Nxe4 5. Nc3 Nxc3 6. dxc3 Be7 7. Be3 Nd7 8. Qd2 O-O 9. O-O-O Ne5 10. Be2 Ng4 11. Bd4 c5 12. Be3 Nxe3 13. Qxe3 Be6 14. Kb1 Qa5 15. c4 Rfe8 16. Qd2 Qb6 17. Rhe1 Bf6 18.
c3 Rad8 19. Ng5 Bf5+ 20. Ka1 h6 21. Nf3 Be6 22. Qc2 d5 23. cxd5 Bxd5 24. Bf1 Rxe1 25. Rxe1 Qa5 26. a3 Qc7 27. c4 Bxf3 28. gxf3 Qxh2 29. Bd3 Qf4 30. Be4 Rd2 31. Qa4 g6 32. Qe8+ Kg7 33. Bd5 Bxb2+ 34. Kb1 Qf5+ 35. Be4 Qf6 36.
Bxb7 Qb6 37. Qb5 Bxa3 38. Qxb6 axb6 39. Bd5 Kf6 40. Re8 Rxf2 41. Rf8 h5 42. Rxf7+ Kg5 43. Rb7 h4 44. Rxb6 h3 45. Be4 Kf4 46. Rxg6 h2 47. Rg4+ Ke3 48. Rh4 Bb4 49. f4 Kxe4 50. f5+ Kxf5 51. Rh5+ Kg4 0-1

[Event "*** Titled Tuesday Blitz"]
[Site "Chess.com"]
[Date "2020.02.04"]
[Round "9"]
[White "2nd_life"]
[Black "Aygehovit1992"]
[Result "1-0"]
[WhiteElo "2482"]
[BlackElo "2643"]
[TimeControl "180+2"]
[EndTime "11:11:24 PST"]
[Termination "2nd_life won by resignation"]

1. e4 c5 2. Nf3 d6 3. d4 cxd4 4.
Nxd4 Nf6 5. Nc3 Nc6 6. f3 e5 7.
Nb3 Be6 8. Nd5 Be7 9. Be3 O-O 10.
c4 a5 11. Bd3 a4 12. Nc1 Bxd5 13. cxd5 Nd4 14. Ne2 Nxe2 15. Qxe2 Nd7 16. Bb5 f5 17. O-O Rf7 18. Rac1 Bg5 19. Bxd7 Bxe3+ 20. Qxe3 Qxd7 21. exf5 Rxf5 22. Qb6 Rf7 23. Rc4 h6 24. Rfc1 a3 25. bxa3 Rxa3 26. Rc7 Qf5 27. Rxf7 Qxf7 28. Qxd6 Qf4 29.
Qxa3 Qd4+ 30. Kh1 Qxd5 31. Qb3 1-0

[Event "*** Titled Tuesday Blitz"]
[Site "Chess.com"]
[Date "2020.02.04"]
[Round "9"]
[White "killer311"]
[Black "NiranjanNavalgund"]
[Result "0-1"]
[WhiteElo "2240"]
[BlackElo "2409"]
[TimeControl "180+2"]
[EndTime "11:11:26 PST"]
[Termination "NiranjanNavalgund won by resignation"]

1. d4 Nf6 2. Nf3 e6 3. e3 c5 4. c4 b6 5. Nc3 Bb7 6. d5 exd5 7. cxd5 d6 8. Bb5+ Nbd7 9. a4 g6 10. O-O Bg7 11. e4 O-O 12. Bf4 Ne8 13. Re1 a6 14. Bf1 f6 15. h4 Ne5 16. g3 h6 17.
Bh3 Bc8 18. Bxc8 Qxc8 19. Kg2 g5 20. hxg5 fxg5 21. Bxe5 Bxe5 22. Nxe5 dxe5 23. Qh5 Rf6 24. Re3 Ng7 25. Qe2 Ra7 26. Rf1 Raf7 27. Nd1 h5 28. Rb3 h4 29. g4 Ne8 30. f3 h3+ 31. Kh2 c4 32. Rc3 b5 33. Ne3 Nd6 34. axb5 axb5 35.
Nf5 Qc5 36. Qd2 Rg6 37. Ra1 b4 38. Rcc1 Nb5 39. Kg3 c3 40. bxc3 bxc3 41. Qd3 h2 42. Ra5 Qg1+ 43. Rxg1 hxg1=Q+ 44. Kh3 Rh7+ 0-1

[Event "*** Titled Tuesday Blitz"]
[Site "Chess.com"]
[Date "2020.02.04"]
[Round "9"]
[White "W_Amadeus"]
[Black "Yoshkinkot"]
[Result "1-0"]
[WhiteElo "2727"]
[BlackElo "2585"]
[TimeControl "180+2"]
[EndTime "11:11:29 PST"]
[Termination "W_Amadeus won by resignation"]

1. e4 c6 2. d4 d5 3. Nd2 dxe4 4. Nxe4 Bf5 5. Ng3 Bg6 6. h4 h6 7. Nf3 Nd7 8. h5 Bh7 9. Bd3 Bxd3 10. Qxd3 e6 11. Bd2 Be7 12. O-O-O Ngf6 13. Kb1 O-O 14. Ne4 Nxe4 15. Qxe4 Nf6 16. Qe2 Qd5 17. Be3 Ng4 18. Bc1 Bd6 19. c4 Qf5+ 20. Ka1 Nf6 21. Rdg1 Qe4 22. Be3 b5 23. g4 bxc4 24. g5 hxg5 25.
h6 g6 26. Bxg5 Qf5 27. Nh4 1-0

[Event "*** Titled Tuesday Blitz"]
[Site "Chess.com"]
[Date "2020.02.04"]
[Round "9"]
[White "GMKrikor"]
[Black "Majkelopulos"]
[Result "1-0"]
[WhiteElo "2813"]
[BlackElo "2478"]
[TimeControl "180+2"]
[EndTime "11:11:31 PST"]
[Termination "GMKrikor won by resignation"]

1. e4 e5 2. Bc4 Nf6 3. d3 Nc6 4. Nc3 Bc5 5. f4 Bxg1 6. Rxg1 d6 7. h3 Na5 8. Bb3 Nxb3 9. axb3 c6 10. Qf3 Qe7 11.
fxe5 Qxe5 12. Bf4 Qd4 13. O-O-O Be6 14. g4 O-O-O 15. Bg5 h5 16. gxh5 Rdg8 17. h6 Ne8 18.
Be3 Qe5 19. Qf2 Qa5 20. hxg7 Rxh3 21. Bd4 c5 22. Bf6 Nxf6 23. Qxf6 Qa1+ 24. Nb1 Rh2 25. Qf4 Re2 26. Qxd6 Bxb3 27. Qxc5+ Kd7 28. Qd4+ Ke7 29. Qb4+ Kd7 30. Qxb3 Rc8 31. g8=Q Rcxc2+ 32. Qxc2 Rxc2+ 33. Kxc2 Qa4+ 34. Kc1 Qc6+ 1-0

[Event "*** Titled Tuesday Blitz"]
[Site "Chess.com"]
[Date "2020.02.04"]
[Round "9"]
[White "FedaMaster"]
[Black "AlexanderKing"]
[Result "1-0"]
[WhiteElo "2611"]
[BlackElo "2514"]
[TimeControl "180+2"]
[EndTime "11:11:33 PST"]
[Termination "FedaMaster won by resignation"]

1. e4 e5 2. Nf3 Nc6 3. Bc4 Nf6 4. d4 exd4 5. O-O Nxe4 6. Re1 d5 7. Bxd5 Qxd5 8. Nc3 Qd8 9. Nxe4 Be7 10. Bg5 O-O 11. Bxe7 Qxe7 12. Nxd4 Bd7 13. Nc3 Qb4 14. Nb3 Rad8 15.
Re4 Be6 16. Qh5 Qd6 17. Rae1 a6 18. Rh4 h6 19. Nc5 Bc8 20. Nd3 Rfe8 21. Rhe4 Rxe4 22.
Nxe4 Qg6 23. Qh4 b6 24. Ne5 Qd6 25. Nxd6 1-0

[Event "*** Titled Tuesday Blitz"]
[Site "Chess.com"]
[Date "2020.02.04"]
[Round "9"]
[White "MasterKroket"]
[Black "arminmusovic"]
[Result "1/2-1/2"]
[WhiteElo "2419"]
[BlackElo "2535"]
[TimeControl "180+2"]
[EndTime "11:11:39 PST"]
[Termination "Game drawn - insufficient material"]

1. d4 d5 2. c4 c5 3. cxd5 Nf6 4. dxc5 e6 5. Nc3 Bxc5 6. Nf3 h6 7. dxe6 Qxd1+ 8.
Nxd1 Bxe6 9. e3 O-O 10. Bd2 Nc6 11. Bd3 Rfd8 12. Ke2 Bg4 13. h3 Bh5 14. g4 Nxg4 15.
hxg4 Bxg4 16. Be4 f5 17. Bxc6 bxc6 18. Bc3 Rab8 19. b3 Re8 20. Rg1 h5 21. Nb2 f4 22. Nd3 Bxe3 23. fxe3 Rxe3+ 24. Kd2 Rxf3 25. Raf1 Rxf1 26. Rxf1 g5 27. Bf6 Rb5 28. Rc1 Rd5 29. Rc5 Rd6 30. Bxg5 f3 31. Ke3 Rxd3+ 32. Kxd3 f2 33.
Rc1 Bh3 34. Ke2 f1=Q+ 35. Rxf1 Bxf1+ 36. Kxf1 Kf7 37. Be3 a6 38. Kf2 Ke6 39. Kf3 Kd5 40. a4 c5 41. Kg3 a5 42. Kh4 c4 43. bxc4+ Kxc4 44. Bd2 Kb3 45. Bxa5 Kxa4 46. Kxh5 1/2-1/2

[Event "*** Titled Tuesday Blitz"]
[Site "Chess.com"]
[Date "2020.02.04"]
[Round "9"]
[White "GelmanAlexander"]
[Black "Leonid_Starozhilov"]
[Result "1-0"]
[WhiteElo "2474"]
[BlackElo "2669"]
[TimeControl "180+2"]
[EndTime "11:11:42 PST"]
[Termination "GelmanAlexander won by resignation"]

1. e4 g6 2. d4 Bg7 3. Nc3 d6 4. f4 Nf6 5. Nf3 O-O 6. e5 dxe5 7. fxe5 Nd5 8. h4 Bg4 9. h5 c5 10. hxg6 hxg6 11. Rh4 Bf5 12. Bc4 Nb6 13. Bd3 cxd4 14. Bxf5 dxc3 15. Bd3 cxb2 16. Bxb2 e6 17. Qe2 Nc6 18.
O-O-O Qe7 19. Rdh1 Rfd8 20. g3 Nb4 21. Qh2 Nxd3+ 22.
cxd3 Qc5+ 23. Kb1 Kf8 24. Rc1 Qe3 25. Rh8+ Ke7 26. Qh4+ g5 27. Qb4+ Kd7 28. Qb5+ Ke7 29.
Ba3+ 1-0

[Event "*** Titled Tuesday Blitz"]
[Site "Chess.com"]
[Date "2020.02.04"]
[Round "9"]
[White "EmmaChess"]
[Black "Tayson_7"]
[Result "1-0"]
[WhiteElo "2513"]
[BlackElo "2657"]
[TimeControl "180+2"]
[EndTime "11:11:55 PST"]
[Termination "EmmaChess won on time"]

1. Nf3 c5 2. d3 Nc6 3. Nbd2 g6 4. e4 Bg7 5. Be2 d6 6. O-O Nf6 7. Re1 e5 8. Bf1 O-O 9. a4 h6 10. c3 Be6 11. Nc4 Qc7 12. a5 Rad8 13. Qa4 Nh5 14. Ne3 f5 15. exf5 gxf5 16. Qh4 Qf7 17. Qa4 Nf4 18. a6 Rb8 19. axb7 Qxb7 20. Nc4 Ng6 21. Nxd6 Qc7 22. Nb5 Qb6 23. d4 e4 24. dxc5 Qxc5 25. Be3 Qe7 26. Nfd4 Nxd4 27. Nxd4 Bd7 28. Qxa7 f4 29.
Bc4+ Kh7 30. Bc1 Nh4 31. Bd5 e3 32. fxe3 Qg5 33. Be4+ Bf5 34. exf4 1-0

[Event "*** Titled Tuesday Blitz"]
[Site "Chess.com"]
[Date "2020.02.04"]
[Round "9"]
[White "Azatic"]
[Black "Abund"]
[Result "1-0"]
[WhiteElo "2661"]
[BlackElo "2734"]
[TimeControl "180+2"]
[EndTime "11:11:56 PST"]
[Termination "Azatic won by checkmate"]

1. e4 c5 2. Nf3 Nc6 3. d4 cxd4 4.
Nxd4 Nf6 5. Nc3 e5 6. Ndb5 d6 7. Bg5 a6 8. Na3 b5 9. Bxf6 gxf6 10. Nd5 f5 11. exf5 Bxf5 12. c3 Bg7 13. Nc2 Be6 14. g3 O-O 15. Bg2 Rc8 16. O-O f5 17. f4 Kh8 18.
Nce3 Na5 19. Kh1 Nc4 20. Nxc4 bxc4 21. Qe2 Rc5 22. Rad1 e4 23. Ne3 d5 24. g4 fxg4 25. f5 Bf7 26. Nxg4 Bh5 27. h3 Qe7 28. Qe3 Bxg4 29. hxg4 Bf6 30. Rf2 Rg8 31. Bh3 Rb5 32. Rfd2 Qe5 33. a4 Ra5 34. Bg2 Rxa4 35. Rxd5 Qb8 36. Qxe4 Qxb2 37. Rd7 Qxc3 38. Qb7 Bg7 39. Rf1 Ra1 40. g5 Rxf1+ 41. Bxf1 Re8 42. f6 Qa1 43. fxg7+ Kg8 44. Qd5+ Re6 45. Qxe6# 1-0

[Event "*** Titled Tuesday Blitz"]
[Site "Chess.com"]
[Date "2020.02.04"]
[Round "9"]
[White "crescentmoon2411"]
[Black "vlad_Sid"]
[Result "0-1"]
[WhiteElo "2891"]
[BlackElo "2724"]
[TimeControl "180+2"]
[EndTime "11:11:57 PST"]
[Termination "vlad_Sid won by resignation"]

1. d4 Nf6 2. Nf3 d5 3. c4 e6 4. Nc3 Bb4 5. Bg5 dxc4 6. e4 c5 7. e5 cxd4 8. exf6 gxf6 9. Nxd4 Bxc3+ 10. bxc3 fxg5 11. Bxc4 Qc7 12. Bb5+ Bd7 13. O-O a6 14. Bxd7+ Nxd7 15. Qh5 Nc5 16. Qxg5 Qe7 17. Qe3 O-O-O 18.
Rab1 Rhg8 19. g3 h5 20. Rb4 Qg5 21. Rc4 Qd5 22. Qe2 Kb8 23. Rb1 Ka8 24. Rcb4 Rd7 25. Nf3 Qd3 26. Qxd3 Nxd3 27. Rh4 Rc8 28. Rxh5 Rxc3 29.
Rd1 Nf4 30. Rh8+ Ka7 31. Rf1 Ng6 0-1

[Event "*** Titled Tuesday Blitz"]
[Site "Chess.com"]
[Date "2020.02.04"]
[Round "9"]
[White "obliviate12"]
[Black "ChristopherYoo"]
[Result "0-1"]
[WhiteElo "2856"]
[BlackElo "2659"]
[TimeControl "180+2"]
[EndTime "11:12:00 PST"]
[Termination "ChristopherYoo won by resignation"]

1. e4 c5 2. Nf3 d6 3. d4 cxd4 4. Nxd4 Nf6 5. Nc3 Nc6 6. Bg5 e6 7. Qd3 Be7 8. O-O-O a6 9. h4 Bd7 10. Nxc6 Bxc6 11. f3 b5 12. Kb1 h6 13. Bc1 h5 14.
Ne2 Qc7 15. Bg5 d5 16. e5 Ng8 17. Nd4 Bd7 18. Re1 Bc5 19. g3 Ne7 20. Bh3 Rc8 21. Nb3 Bb6 22. Re2 a5 23. Nd4 Qc4 24. Rd2 Bxd4 25. Qxd4 Qxd4 26. Rxd4 Nc6 27. Rdd1 Nxe5 28.
Rhf1 O-O 29. a3 Nc4 30. Rfe1 Rb8 31. Ka2 b4 32. Re2 Rb7 33. axb4 axb4 34. Kb1 Ra8 0-1

[Event "*** Titled Tuesday Blitz"]
[Site "Chess.com"]
[Date "2020.02.04"]
[Round "9"]
[White "Kobalia"]
[Black "GMMatamoros"]
[Result "1-0"]
[WhiteElo "2641"]
[BlackElo "2436"]
[TimeControl "180+2"]
[EndTime "11:12:01 PST"]
[Termination "Kobalia won on time"]

1. e4 e6 2. d3 c5 3. Nf3 Nc6 4. g3 g6 5. Bg2 Bg7 6. O-O Nge7 7.
Re1 e5 8. Na3 O-O 9. Nc4 d6 10.
a4 h6 11. Nfd2 Be6 12. f4 exf4 13. gxf4 d5 14. Ne3 Qd7 15. Nf3 Rad8 16. e5 f6 17.
exf6 Rxf6 18. Nf1 Rf7 19. c3 Bh3 20. Ng3 Bxg2 21. Kxg2 Rdf8 22. Rf1 g5 23. fxg5 Ng6 24. gxh6 Rxf3 25. hxg7 R8f7 26. Rxf3 Nh4+ 27. Kh1 Rxf3 28. Bg5 Qh3 29. Bxh4 Rf2 30. Qg1 Rxb2 31. Rf1 Ne5 32. Rf2 1-0

[Event "*** Titled Tuesday Blitz"]
[Site "Chess.com"]
[Date "2020.02.04"]
[Round "9"]
[White "FairChess_on_YouTube"]
[Black "Volodar_Murzin"]
[Result "1-0"]
[WhiteElo "3022"]
[BlackElo "2612"]
[TimeControl "180+2"]
[EndTime "11:12:07 PST"]
[Termination "FairChess_on_YouTube won by resignation"]

1. e4 c6 2. d4 d5 3. Bd3 dxe4 4.
Bxe4 Nf6 5. Bf3 Nbd7 6. Bf4 e6 7.
Ne2 Nb6 8. O-O Bd6 9. Bg3 O-O 10. b3 Bc7 11. c4 Nbd7 12. Nbc3 Re8 13. Bxc7 Qxc7 14. Ng3 Nf8 15. Nce4 Nxe4 16. Nxe4 Ng6 17. c5 e5 18. Nd6 Rd8 19. d5 Ne7 20. Nxc8 Qxc8 21.
d6 Ng6 22. b4 Qe6 23. Qb3 Nf8 24. b5 Qxb3 25. axb3 Ne6 26. b4 Nd4 27. bxc6 bxc6 28.
Ra6 Rab8 29. Rb1 Nc2 30. b5 Nd4 31. Bxc6 Rdc8 32. Rd1 Ne6 33. d7 Rc7 34. g3 Kf8 35.
Rd5 f6 36. Bb7 Nd8 37. c6 Ke7 38. Rxa7 Nxb7 39. Rxb7 Rcxb7 40. cxb7 Kd8 41. b6 Rxb7 42. Rd6 Rb8 43. Kg2 Ra8 44. Kf3 Ra4 45. Ke3 Rb4 46. Kd3 Rb1 47. Kc4 e4 48. Kd5 Rb2 49. Ke6 Rb5 50.
Rc6 Re5+ 51. Kd6 1-0

[Event "*** Titled Tuesday Blitz"]
[Site "Chess.com"]
[Date "2020.02.04"]
[Round "9"]
[White "doons21"]
[Black "hypert"]
[Result "0-1"]
[WhiteElo "2629"]
[BlackElo "2471"]
[TimeControl "180+2"]
[EndTime "11:12:12 PST"]
[Termination "hypert won by checkmate"]

1. e4 c5 2. c3 d5 3. exd5 Qxd5 4. d4 Nc6 5. Nf3 Bf5 6. Be3 Nf6 7. Qa4 cxd4 8. Bc4 Qd7 9. cxd4 e6 10. Bb5 Bb4+ 11.
Nc3 O-O 12. O-O Bxc3 13. bxc3 a6 14. Be2 b5 15. Qa3 Nd5 16. Bd2 Rfc8 17. c4 bxc4 18. Bxc4 Bg4 19. Ng5 h6 20. Ne4 Nxd4 21. Bd3 Be2 22.
Bxe2 Nxe2+ 23. Kh1 Rc4 24. Qd3 Qa4 25. Nd6 Rc6 26. Nxf7 Kxf7 27. Qxe2 Qc2 28. Rac1 Qa4 29. Rb1 Rf8 30. Rb7+ Rc7 31. Rfb1 Kg8 32. Qxe6+ Kh7 33. Qxd5 Rxb7 34. Qxb7 Rxf2 35. Be3 Re2 36. Bg1 Qg4 37. h3 Qg6 38. a4 Ra2 39. Qb3 Qxg2# 0-1

[Event "*** Titled Tuesday Blitz"]
[Site "Chess.com"]
[Date "2020.02.04"]
[Round "9"]
[White "IAgrest"]
[Black "czasnaszachy"]
[Result "0-1"]
[WhiteElo "2119"]
[BlackElo "2303"]
[TimeControl "180+2"]
[EndTime "11:12:12 PST"]
[Termination "czasnaszachy won by resignation"]

1. e4 c5 2. Nf3 d6 3. d4 cxd4 4. Nxd4 Nf6 5. Nc3 a6 6. Bg5 e6 7. f4 h6 8. Bh4 Qb6 9. a3 Nc6 10. Bf2 Qc7 11. Nb3 Be7 12. Bd3 b5 13. Qe2 Bb7 14.
O-O-O O-O-O 15. Rhe1 Kb8 16. Kb1 Rc8 17. a4 b4 18. Na2 a5 19. Nac1 Rhd8 20. Qf1 d5 21.
e5 Ne4 22. Bxe4 dxe4 23. Rxe4 Rxd1 24. Qxd1 Rd8 25. Qf1 Qd7 26. Re1 Qd5 27. g3 g5 28.
Qb5 gxf4 29. gxf4 Rg8 30. Qxd5 exd5 31. Nd3 Rg2 32. Bg3 h5 33. Nbc5 h4 34. Bf2 Rxh2 35.
Nxb7 Kxb7 36. Rg1 h3 37. Rg7 Rg2 38. Rh7 h2 39. Bc5 Rg1+ 40. Ka2 h1=Q 41. Rxh1 Rxh1 42.
Bxe7 Nxe7 0-1

[Event "*** Titled Tuesday Blitz"]
[Site "Chess.com"]
[Date "2020.02.04"]
[Round "9"]
[White "DonPreuss"]
[Black "DamianoLew95"]
[Result "0-1"]
[WhiteElo "2205"]
[BlackElo "2589"]
[TimeControl "180+2"]
[EndTime "11:12:14 PST"]
[Termination "DamianoLew95 won by resignation"]

1. d4 d5 2. e4 dxe4 3. Nc3 Nf6 4. f3 exf3 5. Nxf3 e6 6. Bd3 c5 7. dxc5 Bxc5 8. Bg5 h6 9. Bh4 Nc6 10. Qe2 Nd4 11.
Nxd4 Qxd4 12. Bxf6 gxf6 13. Bb5+ Ke7 14. Rd1 Qe3 15. Rd3 Qxe2+ 16. Kxe2 a6 17. Ba4 b5 18. Bb3 Bb7 19. Rhd1 Rad8 20. g3 Rxd3 21. cxd3 Bd4 22.
Rf1 f5 23. a4 b4 24. Nd1 a5 25. Ne3 Bxe3 26. Kxe3 Rc8 27. Bc4 Bc6 28. b3 Bd7 29. Rf4 e5 30. Rh4 Rh8 31. d4 f6 32. h3 Kd6 33. g4 f4+ 34. Ke4 Be6 35. d5 Bd7 36.
Rh5 Be8 37. Rh4 h5 38. gxh5 Bxh5 39. Kf5 Bg6+ 40. Kg4 Bf5+ 41. Kxf5 Rxh4 0-1

[Event "*** Titled Tuesday Blitz"]
[Site "Chess.com"]
[Date "2020.02.04"]
[Round "9"]
[White "mitrabhaa"]
[Black "NemtsevIgor"]
[Result "1-0"]
[WhiteElo "2581"]
[BlackElo "2402"]
[TimeControl "180+2"]
[EndTime "11:12:15 PST"]
[Termination "mitrabhaa won by checkmate"]

1. d4 c6 2. c4 d6 3. Nc3 h6 4.
e4 g5 5. h4 g4 6. h5 g3 7. f4 Nd7 8. Nf3 e5 9. Bd3 Qb6 10. Ne2 Ngf6 11. c5 dxc5 12. dxe5 Ng4 13. Rf1 Nf2 14. Qc2 Nxd3+ 15. Qxd3 c4 16. Qxc4 Nc5 17.
f5 Bxf5 18. exf5 O-O-O 19. Be3 Qxb2 20. Rd1 Rxd1+ 21. Kxd1 Qb1+ 22. Nc1 b5 23. Qxf7 Nd3 24. Qe8+ Kb7 25. Qd7+ Kb8 26. Qxd3 Qb4 27. Qd8+ Kb7 28. Qd7+ Kb8 29. Qxa7+ Kc8 30. Qa6+ Kb8 31. Qb6+ Kc8 32. Qxc6+ Kb8 33. Qb6+ Ka8 34. Qa6+ Kb8 35. Ba7+ Kc7 36. Qb6+ Kc8 37. Qb8+ Kd7 38. e6+ Kc6 39. Qc8+ Kd5 40. Qb7+ Kc4 41. Qe4+ Kc3 42. Qc2# 1-0

[Event "*** Titled Tuesday Blitz"]
[Site "Chess.com"]
[Date "2020.02.04"]
[Round "9"]
[White "csati17"]
[Black "Zarikovs1999"]
[Result "0-1"]
[WhiteElo "2522"]
[BlackElo "2354"]
[TimeControl "180+2"]
[EndTime "11:12:25 PST"]
[Termination "Zarikovs1999 won by resignation"]

1. c4 c5 2. g3 Nf6 3. Bg2 d5 4. cxd5 Nxd5 5. Nc3 Nc7 6. Nf3 Nc6 7. O-O g6 8. d3 Bg7 9. Be3 b6 10. d4 cxd4 11. Ng5 Bd7 12. Qb3 O-O 13. Rad1 e5 14. Bc1 Na5 15. Qc2 Rc8 16. Nce4 Nd5 17. Qb1 Bb5 18.
Rfe1 h6 19. Nh3 Qd7 20. Bd2 Nc4 21. Bc1 f5 22. Nd2 Na5 23. b4 Nc3 24. Qa1 Nxd1 25.
Rxd1 Nc4 26. Nb3 Qe7 27. Bd5+ Kh7 28. a3 Nd6 29. Re1 e4 30. Bb2 d3 31. exd3 Bxd3 32. Nf4 Bxb2 33. Qxb2 Qf6 34. Qd2 Bc4 35. Bxc4 Nxc4 36.
Qd7+ Qf7 37. Qb5 Nxa3 38. Qa4 Nc2 39. Rd1 Rfd8 40. Rc1 Nd4 41. Rxc8 Nf3+ 42. Kg2 Rxc8 43. Qa2 Rc3 44. Nc1 Qxa2 45. Nxa2 Rc2 0-1

[Event "*** Titled Tuesday Blitz"]
[Site "Chess.com"]
[Date "2020.02.04"]
[Round "9"]
[White "Rodchenkov_Vitalij"]
[Black "victormago"]
[Result "1-0"]
[WhiteElo "2606"]
[BlackElo "2425"]
[TimeControl "180+2"]
[EndTime "11:12:26 PST"]
[Termination "Rodchenkov_Vitalij won on time"]

1. Nf3 Nf6 2. c4 c5 3. g3 b6 4. Bg2 Bb7 5. O-O e6 6. b3 Be7 7. Bb2 d6 8. e3 Nbd7 9. Qe2 O-O 10. Nc3 a6 11. Rac1 Re8 12. Ne1 Qc7 13. f4 Bxg2 14.
Qxg2 Rac8 15. g4 g6 16. g5 Nh5 17. Nd3 Bf8 18. Nf2 Bg7 19. Ng4 Qc6 20. Rf3 b5 21. d3 b4 22. Ne4 d5 23. Nef6+ Ndxf6 24. gxf6 Bf8 25. Ne5 Qc7 26. Rh3 Kh8 27. cxd5 Rcd8 28. Rxh5 gxh5 29. Qg5 Rxd5 30. Rc2 h6 31. Qxh5 Rxe5 32.
Bxe5 Qd7 33. d4 cxd4 34. exd4 Rc8 35. Rc4 Rxc4 36. bxc4 Kg8 37. Qg4+ Kh7 38. Qf3 Bd6 39. Qe4+ Kg8 40. Qa8+ Kh7 41. Qe4+ Kh8 42. c5 Bxe5 43. fxe5 Qa4 44. Qe2 b3 45. Qd2 Kg8 46. axb3 Qxb3 47. Kg2 1-0

[Event "*** Titled Tuesday Blitz"]
[Site "Chess.com"]
[Date "2020.02.04"]
[Round "9"]
[White "wonderfultime"]
[Black "EugeneRougon"]
[Result "1-0"]
[WhiteElo "2962"]
[BlackElo "2733"]
[TimeControl "180+2"]
[EndTime "11:12:27 PST"]
[Termination "wonderfultime won by checkmate"]

1. d4 d5 2. Nf3 Nf6 3. Bf4 c5 4.
c3 Nc6 5. e3 e6 6. Nbd2 cxd4 7.
exd4 Nh5 8. Be5 f6 9. Bg3 Bd6 10. Be2 O-O 11. O-O Nf4 12. Re1 Nxe2+ 13. Qxe2 Re8 14.
c4 Bxg3 15. hxg3 Ne7 16. c5 a5 17. Rac1 Bd7 18. g4 Qc7 19. Nf1 Ng6 20. g5 e5 21.
gxf6 gxf6 22. Ne3 Qc6 23. dxe5 fxe5 24. Qd2 Be6 25. Nf1 Bg4 26. N1h2 Bxf3 27. Nxf3 Re7 28. Qg5 Rae8 29. Nh4 Kh8 30. Nf5 Re6 31. Re3 d4 32.
Rh3 Qd7 33. Rh2 Nf4 34. Re1 Rg6 35. Qh4 Reg8 36. Ng3 Qd5 37. Qxh7# 1-0

[Event "*** Titled Tuesday Blitz"]
[Site "Chess.com"]
[Date "2020.02.04"]
[Round "9"]
[White "Sjakkerntobi"]
[Black "BabyBoss31"]
[Result "1/2-1/2"]
[WhiteElo "2271"]
[BlackElo "2197"]
[TimeControl "180+2"]
[EndTime "11:12:27 PST"]
[Termination "Game drawn by agreement"]

1. e4 e6 2. d4 d5 3. Nd2 Nf6 4. e5 Nfd7 5. Bd3 c5 6. c3 Nc6 7. Ne2 cxd4 8. cxd4 f6 9. exf6 Nxf6 10. Nf3 Bd6 11.
Bf4 Bxf4 12. Nxf4 O-O 13. O-O Ne4 14. Qc1 Ng5 15. Nxg5 Qxg5 16. Ne2 Qf6 17. Qe3 Bd7 18. a3 Rac8 19. Rae1 Rfe8 20. f4 Na5 21. Qe5 Qf7 22. Nc3 a6 23. f5 exf5 24. Qxd5 Rxe1 25. Rxe1 Qxd5 26. Nxd5 Re8 27. Rxe8+ Bxe8 28. b4 Nc6 29. Bxf5 Nxd4 30. Bc8 Bc6 31. Ne7+ Kf7 32. Nxc6 bxc6 33. Bxa6 Nc2 34. Bb7 Nxa3 35. Bxc6 Ke6 36. Kf2 Kd6 37.
b5 Nc2 38. Kf3 Nd4+ 39. Ke4 Nxc6 40. bxc6 Kxc6 41. Ke5 Kd7 42. Kd5 Ke7 43. Ke5 Kf7 44. g4 Kg6 45. h4 h6 46. Ke6 Kh7 47. Kf7 Kh8 48. Kg6 Kg8 49. Kf5 Kh8 50. Ke6 Kg8 51.
Ke7 Kh8 52. Kf8 Kh7 1/2-1/2

[Event "*** Titled Tuesday Blitz"]
[Site "Chess.com"]
[Date "2020.02.04"]
[Round "9"]
[White "SabinaFoisor"]
[Black "BocharovD"]
[Result "0-1"]
[WhiteElo "2426"]
[BlackElo "2746"]
[TimeControl "180+2"]
[EndTime "11:12:32 PST"]
[Termination "BocharovD won by checkmate"]

1. d4 Nf6 2. c4 e6 3. Nf3 d5 4. Bg5 dxc4 5. a4 c6 6. Nc3 b5 7. axb5 cxb5 8. Nxb5 Qb6 9. Nc3 Qxb2 10. Bd2 Nd5 11. Nxd5 exd5 12. Rb1 Qa3 13. e4 c3 14. Bc1 Qa2 15. Bd3 Ba6 16. O-O Bd6 17. e5 Be7 18. Bg5 Nc6 19. Bxe7 c2 20. Bxc2 Bxf1 21.
Bc5 Bc4 22. Ba4 Rc8 23. Bxc6+ Rxc6 24. Rb8+ Kd7 25. Rxh8 Ra6 26. h3 Be2 27. Qc1 Bxf3 28. gxf3 Qe2 29. Qf4 Rg6+ 30. Qg4+ Rxg4+ 31. fxg4 a5 32.
Rxh7 a4 33. Rxg7 Qf3 34. Rg8 Qxh3 35. g5 a3 36. Ra8 Qg4+ 37. Kh2 Qe4 38. Rxa3 Qf4+ 39.
Kg2 Qxg5+ 40. Rg3 Qf4 41. f3 Qd2+ 42. Kh3 Qe2 43. Kg4 Ke6 44. Kh3 Kf5 45. Bd6 Qd1 46. Bc5 Qh1# 0-1

[Event "*** Titled Tuesday Blitz"]
[Site "Chess.com"]
[Date "2020.02.04"]
[Round "9"]
[White "Sergey85Rodchenkov"]
[Black "mortngabriel"]
[Result "1-0"]
[WhiteElo "2574"]
[BlackElo "2427"]
[TimeControl "180+2"]
[EndTime "11:12:32 PST"]
[Termination "Sergey85Rodchenkov won by resignation"]

1. e4 c6 2. d4 d5 3. exd5 cxd5 4. Bd3 Nc6 5. c3 Qc7 6. h3 Nf6 7. Nf3 g6 8. Qc2 Bg7 9. O-O O-O 10. Re1 Bd7 11. Nbd2 Rac8 12. Qd1 Bf5 13. Bf1 h5 14. a4 Rfe8 15. Nb3 b6 16. Bb5 Bd7 17. Ng5 e5 18. dxe5 Nxe5 19. Bf4 Re7 20. Bxd7 Nfxd7 21. Qxd5 Qc4 22.
Qxc4 Rxc4 23. Nd4 Bf8 24. Re3 f6 25. Ne4 Re8 26. Nxf6+ Nxf6 27. Rxe5 Rxe5 28. Bxe5 Nd7 29. Bf4 Bg7 30. Be3 Nf6 31. Nb5 Nd5 32. Nxa7 Nxe3 33.
fxe3 Bh6 34. Kf2 Re4 35. Nb5 Bxe3+ 36. Kf3 Re7 37. Re1 Bg5 38. Rxe7 Bxe7 39. b4 Kf7 40. a5 bxa5 41. bxa5 Ke6 42. a6 1-0

[Event "*** Titled Tuesday Blitz"]
[Site "Chess.com"]
[Date "2020.02.04"]
[Round "9"]
[White "Lubov_Gordyk"]
[Black "Hanging_pointer"]
[Result "1-0"]
[WhiteElo "2629"]
[BlackElo "2422"]
[TimeControl "180+2"]
[EndTime "11:12:32 PST"]
[Termination "Lubov_Gordyk won by resignation"]

1. e4 c6 2. d3 d5 3. Nf3 e6 4. c3 dxe4 5. dxe4 Qxd1+ 6. Kxd1 Nf6 7. Nfd2 Be7 8. f3 c5 9. a4 b6 10. Nc4 Bb7 11. Kc2 Nc6 12. Be3 O-O-O 13. Nbd2 h6 14. a5 b5 15. a6 Ba8 16. Na5 c4 17. Nxc6 Bxc6 18. Bxa7 Kc7 19. Be3 Nd7 20. b3 Bc5 21.
Bf4+ e5 22. Bg3 f6 23. bxc4 b4 24. Nb3 bxc3 25. Nxc5 Nxc5 26. Kxc3 Ne6 27. Bd3 Rd7 28. Rhb1 Ra8 29. Bf2 g5 30. c5 h5 31. Bc4 Nf4 32. g3 Ng6 33. Rb6 Ra7 34. Rab1 Ne7 35. Rb8 g4 36.
Be6 Rxa6 37. Bxd7 Kxd7 38. fxg4 hxg4 39. R8b4 Ra3+ 40. R1b3 Ra2 41. Rb2 Ra3+ 42. Kd2 Ke6 43. Ke2 Rc3 44. Rd2 f5 45. Rd6+ 1-0

[Event "*** Titled Tuesday Blitz"]
[Site "Chess.com"]
[Date "2020.02.04"]
[Round "9"]
[White "kinga2008"]
[Black "AwareIdea"]
[Result "0-1"]
[WhiteElo "1971"]
[BlackElo "2431"]
[TimeControl "180+2"]
[EndTime "11:12:33 PST"]
[Termination "AwareIdea won by resignation"]

1. e4 e5 2. Nf3 Nc6 3. d4 exd4 4. Bc4 Bc5 5. O-O d6 6. a3 Bg4 7. b4 Bb6 8. Nbd2 Nf6 9. h3 Bh5 10. Re1 O-O 11. Bb2 Re8 12. Qb1 Bg6 13. Qa2 Ne5 14.
Nxe5 dxe5 15. a4 a5 16. b5 Qd7 17. Rad1 Rad8 18. c3 dxc3 19. Bxc3 Nxe4 20. Nxe4 Qxd1 21. Rxd1 Rxd1+ 22. Kh2 Bd4 23. Bxd4 Rxd4 24. Ng5 Re7 25.
Nf3 Rd6 26. Qb2 e4 27. Ne5 Kf8 28. Nxg6+ hxg6 29. Qc3 b6 30. Be2 f5 31. h4 Kf7 32.
Bc4+ Kf8 33. Ba2 f4 34. Qc4 Ke8 35. Qg8+ Kd7 36. Bd5 e3 37. Bc6+ Rxc6 38. bxc6+ Kd6 39.
Qd8+ Ke6 40. fxe3 fxe3 41. Qd4 Kf7 42. Qc4+ Kf8 43. Qe2 b5 44. axb5 a4 45. Kg3 a3 46.
Qf1+ Ke8 47. Kf3 e2 48. Qe1 a2 49. Kf2 Rf7+ 50. Ke3 Rf1 51. Qxe2 a1=Q 52. Kd3+ Kf8 53. b6 Rd1+ 54. Ke3 Qd4+ 55. Kf3 Rd3+ 0-1